 Dungeon Crawl Stone Soup version 0.30-a0-354-g6b83867211 (webtiles) character file.

Game seed: 5179880617614121106

3830 bande the Cleaver (level 10, -2/61 HPs)
             Began as a Gargoyle Fighter on Nov 8, 2022.
             Was a Believer of Okawaru.
             Slain by Erica
             ... wielding a +3 scimitar of flaming
              (6 damage)
             ... on level 9 of the Dungeon.
             The game lasted 00:13:27 (6987 turns).

bande the Cleaver (Gargoyle Fighter)                Turns: 6987, Time: 00:13:28

Health: -2/61      AC: 21    Str: 20    XL:     10   Next: 17%
Magic:  0/13       EV:  7    Int:  9    God:    Okawaru [**....]
Gold:   379        SH:  6    Dex: 19    Spells: 9/9 levels left

rFire   . . .      SeeInvis .    a - +0 war axe
rCold   . . .      Faith    .    c - +0 buckler
rNeg    + . .      Spirit   +    B - +0 chain mail
rPois   ∞          Reflect  .    y - +1 helmet
rElec   +          Harm     .    o - +0 cloak
rCorr   .          Rampage  .    (no gloves)
Will    .....                    (no boots)
Stlth   ..........               n - amulet of guardian spirit
HPRegen 0.30/turn                r - ring of flight
MPRegen 0.13/turn                t - +6 ring of dexterity

@: mighty, flying, slowed, studying Maces & Flails, very slow
A: sickness immunity, AC +7, negative energy resistance 1, electricity
resistance, torment resistance 1, petrification resistance
a: Renounce Religion, Heroism


You were on level 9 of the Dungeon.
You worshipped Okawaru.
Okawaru was pleased with you.
You visited 2 branches of the dungeon, and saw 10 of its levels.

You collected 379 gold pieces.

Inventory:

Hand Weapons
 a - a +0 war axe (weapon)
 A - a +4 flail of draining
 E - a +0 war axe
Missiles
 j - a throwing net (quivered)
Armour
 c - a +0 buckler (worn)
 o - a +0 cloak (worn)
 y - a +1 helmet (worn)
 B - a +0 chain mail (worn)
Jewellery
 e - a ring of ice
 h - an amulet of the acrobat
 k - an amulet of reflection
 n - an amulet of guardian spirit (around neck)
 r - a ring of flight (left hand)
 t - a +6 ring of dexterity (right hand)
 D - a +6 ring of strength
Wands
 s - a wand of flame (41)
 C - a wand of mindburst (11)
 G - a wand of iceblast (14)
Scrolls
 f - 2 scrolls of blinking
 l - 3 scrolls of fear
 m - a scroll of silence
 p - a scroll of teleportation
 w - 2 scrolls of amnesia
 H - a scroll of identify
Potions
 b - a potion of curing
 g - 2 potions of magic
 i - 4 potions of ambrosia
 q - 5 potions of brilliance
 u - 2 potions of berserk rage {unknown}
 v - a potion of flight {unknown}
 x - a potion of haste
 z - a potion of invisibility {unknown}
 F - a potion of mutation {unknown}


   Skills:
 + Level 6.8 Fighting
 + Level 9.1 Axes
 + Level 7.0 Armour
 + Level 5.8 Shields
 * Level 4.1 Invocations
 * Level 3.3 Evocations


You had 9 spell levels left.
You didn't know any spells.
Your spell library contained the following spells:

 Spells                   Type           Power      Damage    Failure   Level
 Beastly Appendage        Tmut           0%         N/A       99%         1
 Gell's Gravitas          Tloc           0%         N/A       100%        3
 Lesser Beckoning         Tloc           0%         N/A       100%        3
 Ozocubu's Armour         Ice            0%         N/A       100%        3
 Teleport Other           Tloc           0%         N/A       100%        3
 Irradiate                Conj/Tmut      0%         3d11      100%        5
 Ozocubu's Refrigeration  Ice            0%         4d7       100%        7
 Storm Form               Tmut/Air       0%         N/A       100%        7


Dungeon Overview and Level Annotations

Branches:
Dungeon (9/15)             Temple (1/1) D:6
   Lair: D:8-11         Orc: D:9-12

Altars:
Ashenzari
Cheibriados
Fedhas
Gozag
Kikubaaqudgha
Okawaru
Ru
Sif Muna
Trog
Vehumet
Xom
Yredelemnul
Zin
The Shining One

Shops:
D:2 (   D:6 [

Annotations:
D:9 Erica


Innate Abilities, Weirdness & Mutations

You are immune to sickness and miasma.
Your stone body is resilient. (AC +7)
You are immune to poison.
You resist negative energy. (rN+)
You are resistant to electric shocks. (rElec)
You are resistant to unholy torment.
You are immune to petrification.


Message History

You resist with significant effort. You block Erica's attack.
Unknown command.
You slice Erica!!
Erica is heavily wounded.
Erica hits you with a +3 scimitar of flaming.
Erica burns you.
You closely miss Erica.
Erica is heavily wounded.
Erica gestures at you while chanting. The lance of force hits you!
You are knocked back by the lance of force.
You slam into the rock wall!
* * * LOW HITPOINT WARNING * * *
You block Erica's attack.
You slice Erica!!
Erica is almost dead.
Erica barely misses you. Erica gestures at you while chanting.
You resist with significant effort.
You closely miss Erica.
Erica is severely wounded.
Erica hits you but does no damage.
You barely miss Erica.
Erica is severely wounded.
Erica hits you with a +3 scimitar of flaming.
* * * LOW HITPOINT WARNING * * *
Erica burns you.
Erica says, "I love to fight, but killing is better."
Erica hits you but does no damage.
You slash Erica!
Erica is almost dead.
Erica closely misses you.
Unknown command.
You closely miss Erica.
Erica is almost dead.
Erica barely misses you.
Erica hits you with a +3 scimitar of flaming!
* * * LOW HITPOINT WARNING * * *
Erica burns you!
You die...

#####
+...######
...#.....
###...#
#@@<..##
#.#.÷..#
#.#.#...#
..#........#
####.######..
... # #.# ..#
##


You could see Erica.

Vanquished Creatures
  Pikel (D:6)
  Sigmund (D:6)
  3 yaks
  A steam dragon (D:7)
  Edmund (D:6)
  2 water moccasins
  A sky beast (D:7)
  2 centaurs (D:4)
  3 ogres
  2 phantoms
  Blork the orc (D:5)
  A kobold brigand (D:7)
  A gnoll sergeant (D:7)
  2 bullfrogs
  4 necrophages
  A scorpion (D:4)
  3 wights (D:8)
  A howler monkey (D:6)
  A jelly (D:6)
  An orc priest (D:6)
  A hound (D:4)
  Crazy Yiuf (D:2)
  A gnoll bouda (D:7)
  5 iguanas
  3 orc wizards
  Natasha (twice) (D:4)
  Robin (D:4)
  18 gnolls
  9 adders
  3 shadow imps
  A white imp (D:7)
  An ufetubus (D:6)
  2 worms (D:2)
  3 dart slugs
  12 orcs
  7 ball pythons
  7 bats
  12 endoplasms
  4 giant cockroaches
  9 hobgoblins
  2 jackals (D:4)
  9 kobolds
  4 quokkas
  6 frilled lizards
  22 goblins
  3 rats
181 creatures vanquished.

Vanquished Creatures (others)
  4 fungi (D:2)
4 creatures vanquished.

Grand Total: 185 creatures vanquished

Notes
Turn   | Place    | Note
-------+----------+-------------------------------------------
     0 | D:1      | bande the Gargoyle Fighter began the quest for the Orb.
     0 | D:1      | Reached XP level 1. HP: 14/14 MP: 1/1
    79 | D:1      | Reached XP level 2. HP: 19/19 MP: 2/2
   133 | D:1      | Reached skill level 2 in Axes
   301 | D:1      | Reached XP level 3. HP: 23/23 MP: 3/3
   873 | D:2      | Reached XP level 4. HP: 25/29 MP: 4/4
   917 | D:2      | Found a faded altar of an unknown god.
  1006 | D:2      | Found Roismoe's Antique Weapon Boutique.
  1062 | D:2      | Reached skill level 3 in Axes
  1094 | D:2      | HP: 1/29 [gnoll/+0 whip (4)]
  1489 | D:2      | Reached XP level 5. HP: 33/33 MP: 5/5
  1803 | D:2      | Found a runed translucent door.
  1804 | D:2      | Noticed Crazy Yiuf
  1819 | D:2      | Killed Crazy Yiuf
  2262 | D:3      | You fall into a shaft and drop 3 floors!
  2291 | D:6      | Found Taseish's Armour Emporium.
  2292 | D:5      | Entered Level 5 of the Dungeon
  2490 | D:4      | Noticed a phantom
  2498 | D:3      | Found a snail-covered altar of Cheibriados.
  2533 | D:4      | Killed a phantom
  2534 | D:4      | Reached skill level 4 in Axes
  2534 | D:4      | Reached XP level 6. HP: 28/38 MP: 4/6
  2575 | D:4      | Found a shimmering blue altar of Sif Muna.
  3080 | D:3      | Got the Compilation of Spatial Reformation
  3652 | D:4      | Noticed Robin
  3665 | D:4      | Reached XP level 7. HP: 43/44 MP: 5/7
  3675 | D:4      | Killed Robin
  3754 | D:4      | Reached skill level 5 in Axes
  3761 | D:4      | Reached skill level 5 in Armour
  3815 | D:4      | Noticed Natasha
  3820 | D:4      | Killed Natasha
  3913 | D:4      | Noticed Natasha
  3918 | D:4      | Killed Natasha
  3932 | D:4      | Reached skill level 5 in Fighting
  4154 | D:5      | Reached skill level 6 in Axes
  4154 | D:5      | Reached XP level 8. HP: 49/49 MP: 8/8
  4376 | D:5      | Noticed Blork the orc
  4383 | D:5      | Killed Blork the orc
  4384 | D:5      | Reached skill level 5 in Shields
  4822 | D:6      | Noticed Edmund
  4835 | D:6      | Killed Edmund
  4836 | D:6      | Reached skill level 7 in Axes
  4845 | D:6      | Found a staircase to the Ecumenical Temple.
  4860 | Temple   | Entered the Ecumenical Temple
  4998 | Temple   | Became a worshipper of Warmaster Okawaru
  5204 | D:6      | Reached skill level 1 in Invocations
  5395 | D:6      | Reached XP level 9. HP: 55/55 MP: 9/9
  5403 | D:6      | Noticed Pikel
  5410 | D:6      | Killed Pikel
  5410 | D:6      | Reached * piety under Okawaru
  5411 | D:6      | Reached skill level 1 in Evocations
  5448 | D:6      | Noticed Sigmund
  5460 | D:6      | Killed Sigmund
  5461 | D:6      | Reached skill level 8 in Axes
  5484 | D:6      | Found a blossoming altar of Fedhas.
  5485 | D:6      | Found a bloodstained altar of Trog.
  6029 | D:7      | Reached ** piety under Okawaru
  6610 | D:8      | Reached XP level 10. HP: 58/61 MP: 12/12
  6714 | D:8      | Noticed Erica
  6731 | D:8      | Reached skill level 9 in Axes
  6987 | D:9      | Slain by Erica

Illustrated notes

Levels and vault maps discovered:
D:1:      beargit_arrival_diablo_church, layout_basic, interstate_on_off,
          hangedman_decor_growths
D:2:      layout_basic, serial_shops, shop,
          ebering_ecumenical_altar_sacrificial, kennysheep_generic_room_11,
          uniq_crazy_yiuf_cottage
D:3:      layout_loops_ring, nicolae_overflow_hidden_temple,
          minmay_randomly_rotated_circles
D:4:      layout_basic, mainiacjoe_overflow_cross_hatched, minmay_manual_mares,
          uniq_robin, uniq_natasha
D:5:      layout_loops_ring, serial_glass, glass_columns_b, glass_columns_a,
          glass_columns_a, glass_columns_a, glass_columns_b, glass_columns_c,
          glass_columns_a, glass_columns_a, glass_columns_b, glass_columns_a,
          item_on_display_a, uniq_blork_the_orc
D:6:      layout_loops_ring, mainiacjoe_overflow_divided_tiny,
          minmay_temple_entry_purple_smoke, serial_shops,
          nicolae_lakefront_shop, uniq_pikel, uniq_edmund, uniq_sigmund
D:7:      layout_cave_pools
D:8:      layout_basic, nemelex_diamond_rough_becter,
          gammafunk_temple_overflow_pools, uniq_prince_ribbit1, uniq_erica,
          uniq_joseph, uniq_psyche
D:9:      layout_basic, kennysheep_mini, special_room [special_room_bee]
Temple:   dpeg_chambers_temple

Skill      XL: |  1  2  3  4  5  6  7  8  9 10 |
---------------+-------------------------------+-----
Axes           | 2 3 4 6 7 8 9 |  9.1
Armour         | 4 5 6 7 |  7.0
Fighting       | 4 5 6 |  6.8
Shields        | 4 5 |  5.8
Invocations    | 1 3 4 |  4.1
Evocations     | 2 3 |  3.3

Action                   |  1- 3 |  4- 6 |  7- 9 | 10-12 || total
-------------------------+-------+-------+-------+-------++-------
Melee: War axe           |   111 |   240 |   345 |    56 ||   752
  Use: Scroll            |       |     6 |     8 |       ||    14
       Potion            |       |       |       |     4 ||     4
 Stab: Invisible         |       |     4 |       |       ||     4
Armor: Scale mail        |    72 |   120 |       |       ||   192
       Chain mail        |       |    14 |   252 |    32 ||   298
Dodge: Dodged            |    50 |   100 |   109 |    20 ||   279
Block: Buckler           |    32 |    83 |    84 |    14 ||   213
       Reflection        |     3 |       |       |       ||     3

Table legend: (Time is in decaauts)
 A = Elapsed time spent in this place.
 B = Non-inter-level travel time spent in this place.
 C = Inter-level travel time spent in this place.
 D = Time resting spent in this place.
 E = Time spent auto-exploring this place.
 F = Levels seen in this place.
 G = Mean time per level.
                   A        B        C        D        E       F      G
               +--------+--------+--------+--------+--------+-----+--------+
         Total |   7203 |   7048 |    155 |    805 |   4370 |  10 |  720.3 |
       Dungeon |   7048 |   6893 |    155 |    805 |   4248 |   9 |  783.1 |
        Temple |    154 |    154 |      0 |      0 |    122 |   1 |  154.0 |
               +--------+--------+--------+--------+--------+-----+--------+

Top non-repeatable levels by time:
     D:2: 1330 daAuts
     D:3: 1005 daAuts
     D:6: 974 daAuts
     D:4: 922 daAuts
     D:1: 811 daAuts
     D:7: 810 daAuts
     D:5: 787 daAuts
     D:9: 221 daAuts
     D:8: 184 daAuts
  Temple: 154 daAuts
